 Dungeon Crawl Stone Soup version 0.17.1-3-g152610e (webtiles) character file.

430 Pidor the Scratcher (level 6, 4/28 HPs)
             Began as a Felid Monk on Apr 16, 2016.
             Was a Believer of Nemelex Xobeh.
             Quit the game on level 4 of the Dungeon.
             The game lasted 00:15:55 (4106 turns).

Pidor the Scratcher (Felid Monk)                    Turns: 4106, Time: 00:15:55

Health: 4/28       AC:  2    Str: 12    XL:     6   Next: 66%
Magic:  9/10       EV: 20    Int: 13    God:    Nemelex Xobeh [**....]
Gold:   128        SH:  0    Dex: 18    Spells: 0 memorised, 5 levels left
                                        Lives:  0   Deaths: 1

rFire  . . .     SeeInvis +       - Unarmed
rCold  + . .     Clarity  .     (armour unavailable)
rNeg   . . .     SustAt   .     (shield unavailable)
rPois  .         Gourm    .     (helmet unavailable)
rElec  .         Spirit   .     (cloak unavailable)
rCorr  .         Warding  .     (gloves unavailable)
rMut   .         Stasis   .     (boots unavailable)
MR     .....                    (no amulet)
Stlth  ++++......               s - +4 ring of strength
                                d - ring of protection from cold

@: seriously poisoned (4 -> 1), quick, not resistant to hostile enchantments,
stealthy
A: no armour, no weapons or thrown items, claws 1, fangs 3, see invisible,
carnivore 3, speed 1, shaggy fur 2, slow metabolism 1, sharp paws
a: Renounce Religion


You were on level 4 of the Dungeon.
You worshipped Nemelex Xobeh.
Nemelex Xobeh was pleased with you.
You were completely stuffed.

You visited 1 branch of the dungeon, and saw 5 of its levels.

You collected 128 gold pieces.

Inventory:

Jewellery
 d - a ring of protection from cold (left paw)
 j - a +2 ring of intelligence
 s - a +4 ring of strength (right paw)
Scrolls
 f - 3 scrolls of recharging
 h - a scroll of fear
 l - a scroll of magic mapping {unknown}
 o - a scroll of remove curse {unknown}
Potions
 e - a potion of degeneration {unknown}
 k - a potion of lignification {unknown}
 m - 4 potions of might
 n - a potion of invisibility {unknown}
 t - a potion of berserk rage {unknown}
 u - a potion of resistance {unknown}
Miscellaneous
 p - an ornate deck of destruction {drawn: 1}
 q - a plain deck of destruction {drawn: 4}
 r - a plain deck of escape
 w - a plain deck of destruction
Comestibles
 a - 3 meat rations
 b - 3 chunks of flesh
 i - a slice of pizza


   Skills:
 - Level 3.0 Fighting
 + Level 4.1 Dodging
 - Level 5.6 Stealth
 * Level 6.8 Unarmed Combat
 * Level 4.1 Evocations


You had 5 spell levels left.
You didn't know any spells.

Dungeon Overview and Level Annotations

Branches:
Dungeon (5/15)             Temple (0/1) D:4

Altars:
Gozag
Nemelex Xobeh


Innate Abilities, Weirdness & Mutations

You cannot wear armour.
You are incapable of wielding weapons or throwing items.
You have sharp claws.
You have razor-sharp teeth.
You have supernaturally acute eyesight.
You are carnivorous and can eat meat at any time.
You cover ground quickly.
You are covered in thick fur (AC +2).
You have a slow metabolism.
Your sharp claws are effective at attacking unaware monsters.


Message History

The kobold hits you.
* * * LOW HITPOINT WARNING * * *
Drink which item? (? for menu, Esc to quit)
You feel better. The giant frog hits you.
* * * LOW HITPOINT WARNING * * *
The adder bites you.
* * * LOW HITPOINT WARNING * * *
You are poisoned.
The adder poisons you! The kobold misses you.
The giant frog completely misses you. The adder barely misses you.
You claw the giant frog!
You kill the giant frog!
Your Evocations skill increases to level 4!
You feel sick. The kobold barely misses you. The adder completely misses you.
You barely miss the adder. The adder completely misses you.
The kobold closely misses you.
Unknown command.
Drink which item? (? for menu, Esc to quit)
Okay, then.
Are you sure you want to abandon this character and quit the game? (Confirm with "yes".)

...###.....##......#
..#....#...##....#.#
..#.##.#....#....#.#######
..+.........#....'.......o
..######....#....#..<#.#.#
......#.....'.....#.......
#.#.#.#.....##....#.)#.#.#
#.#...#..#......†S..).....
##########.###..@K..).....
#.......# #............
#.#####.# #........>...
#.# #.# #............ #.#
#.# #.....###.#..
#.#####.###.....# .# .
#............._.# #
##############.....#
#)......# #....##


You could see an adder and a kobold.

Vanquished Creatures
  Duvessa (D:4)
  A giant frog (D:4)
  Terence (D:3)
  Natasha (D:4)
  2 worker ants (D:4)
  6 gnolls (D:4)
  4 adders
  A giant eyeball (D:4)
  2 oozes
  An adder skeleton (D:4)
  A worm (D:2)
  6 giant geckos
  2 orcs
  11 bats
  5 giant cockroaches
  10 goblins
  5 hobgoblins (D:1)
  7 jackals
  12 kobolds
  A ball python (D:2)
  6 giant newts
  2 quokkas (D:2)
  9 rats
97 creatures vanquished.

Vanquished Creatures (collateral kills)
  Grinder (D:4)
1 creature vanquished.

Vanquished Creatures (others)
  A giant cockroach (D:4)
1 creature vanquished.

Grand Total: 99 creatures vanquished

Notes
Turn   | Place    | Note
--------------------------------------------------------------
     0 | D:1      | Pidor the Felid Monk began the quest for the Orb.
     0 | D:1      | Reached XP level 1. HP: 10/10 MP: 2/2
   607 | D:1      | Reached XP level 2. HP: 14/14 MP: 3/3
  1029 | D:1      | Reached XP level 3. HP: 8/17 MP: 4/4
  1805 | D:2      | Reached skill level 5 in Unarmed Combat
  1903 | D:2      | Reached XP level 4. HP: 21/21 MP: 5/5
  2721 | D:3      | Found a sparkling altar of Nemelex Xobeh.
  2727 | D:3      | Became a worshipper of Nemelex Xobeh the Trickster
  2727 | D:3      | Received a gift from Nemelex Xobeh
  2727 | D:3      | Reached * piety under Nemelex Xobeh
  2727 | D:3      | Received a gift from Nemelex Xobeh
  2727 | D:3      | Received a gift from Nemelex Xobeh
  2727 | D:3      | Reached ** piety under Nemelex Xobeh
  3080 | D:3      | Noticed Terence
  3087 | D:3      | Killed Terence
  3087 | D:3      | Reached skill level 1 in Evocations
  3087 | D:3      | Reached XP level 5. HP: 24/24 MP: 6/6
  3270 | D:4      | Noticed Duvessa
  3274 | D:4      | Noticed Dowan
  3275 | D:4      | Killed Duvessa
  3275 | D:4      | Reached skill level 5 in Stealth
  3275 | D:4      | Reached skill level 6 in Unarmed Combat
  3284 | D:4      | Noticed Dowan
  3284 | D:4      | Dowan changed into Dowan the giant eyeball
  3287 | D:4      | Paralysed by Dowan for 4 turns
  3292 | D:4      | Killed Dowan the giant eyeball
  3312 | D:4      | Found an opulent altar of Gozag.
  3316 | D:4      | Noticed Natasha
  3327 | D:4      | Killed Natasha
  3327 | D:4      | Gained mutation: You are covered in thick fur (AC +2). [Felid growth]
  3327 | D:4      | Reached XP level 6. HP: 18/28 MP: 8/8
  3455 | D:4      | Received a gift from Nemelex Xobeh
  3495 | D:4      | Noticed Grinder
  3517 | D:4      | Slain by Grinder
  3518 | D:4      | Reached XP level 5. HP: 0/24 MP: 8/8
  3527 | D:4      | Killed Grinder
  3527 | D:4      | Reached XP level 6. HP: 28/28 MP: 9/9
  3661 | D:4      | Found a staircase to the Ecumenical Temple.
  3705 | D:4      | HP: 1/28 [gnoll (7)]
  3782 | D:5      | Entered Level 5 of the Dungeon
  4106 | D:4      | Quit the game

Action                   |  1- 3 |  4- 6 || total
-------------------------+-------+-------++-------
Melee: Unarmed           |   101 |   152 ||   253
Evoke: Deck              |       |     5 ||     5
  Use: Scroll            |       |     4 ||     4
       Potion            |       |     2 ||     2
 Stab: Sleeping          |    10 |    16 ||    26
       Distracted        |       |     1 ||     1
  Eat: Chunk             |     9 |    10 ||    19
